 Dungeon Crawl Stone Soup version 0.23.2-40-g277498a001 (webtiles) character file.

Game seed: 2060280411890601969

77 Iskender the Scratcher (level 4, 21/21 HPs)
             Began as a Felid Chaos Knight on Oct 14, 2019.
             Was a Plaything of Xom.
             Quit the game on level 3 of the Dungeon.
             The game lasted 00:14:38 (3480 turns).

Iskender the Scratcher (Felid Chaos Knight)         Turns: 3480, Time: 00:14:39

Health: 21/21      AC:  1    Str:  8    XL:     4   Next: 13%
Magic:  14/14      EV: 19    Int: 11    God:    Xom [*.....]
Gold:   95         SH:  0    Dex: 17    Spells: 3/3 levels left
                                        Lives:  0   Deaths: 1

rFire    . . .     SeeInvis +     - Unarmed
rCold    . . .     Gourm    .   (shield unavailable)
rNeg     . . .     Faith    .   (armour unavailable)
rPois    .         Spirit   .   (helmet unavailable)
rElec    .         Reflect  .   (cloak unavailable)
rCorr    .         Harm     .   (gloves unavailable)
MR       .....                  (boots unavailable)
Stlth    +++.......             (no amulet)
HPRegen  0.07/turn              (no ring)
MPRegen  0.14/turn              f - ring of magical power

@: quick
A: very small, no armour, no weapons or thrown items, stealth, claws 1, fangs 3,
see invisible, carnivore, dopey 1, speed 1, shaggy fur 1, slow metabolism 1, no
potion heal 1, MP-powered wands, sharp paws
a: Renounce Religion


You were on level 3 of the Dungeon.
You worshipped Xom.
You were a special plaything of Xom.
You were not hungry.

You visited 1 branch of the dungeon, and saw 3 of its levels.

You collected 95 gold pieces.

Inventory:

Jewellery
 f - a ring of magical power (right paw)
Scrolls
 h - a scroll of random uselessness {unknown}
 i - a scroll of magic mapping
 k - a scroll of amnesia {unknown}
Potions
 b - 3 potions of curing
 c - 3 potions of heal wounds {unknown}
 d - 2 potions of might {unknown}
 e - a potion of haste {unknown}
 g - a potion of mutation {unknown}
 m - a potion of lignification {unknown}
 n - a potion of degeneration {unknown}
Comestibles
 a - 8 rations
 j - 2 chunks of flesh


   Skills:
 - Level 3.0 Fighting
 - Level 3.5 Dodging
 - Level 3.0 Stealth
 + Level 5.2 Unarmed Combat


You had 3 spell levels left.
You didn't know any spells.
Your spell library was empty.

Dungeon Overview and Level Annotations

Branches:
Dungeon (3/15)

Altars:
Fedhas
Gozag
Kikubaaqudgha
Vehumet


Innate Abilities, Weirdness & Mutations

You cannot wear armour.
You are incapable of wielding weapons or throwing items.
Your paws allow you to move quietly. (Stealth)
You have sharp claws.
You have razor-sharp teeth.
You have supernaturally acute eyesight. (SInv)
You are carnivorous and can eat meat at any time.
You cover ground quickly.
You are covered in fur. (AC +1)
You have a slow metabolism.
Your sharp claws are effective at attacking unaware monsters.
You are dopey. (Int -2)
Potions are less effective at restoring your health.
You expend magic power (3 MP) to strengthen your wands.


Message History

You closely miss the orc. The orc hits you.
The orc shouts!
You scratch the orc.
The orc is severely wounded.
The orc hits you.
The orc priest hits you from afar with a +0 trident of piercing!
* * * LOW HITPOINT WARNING * * *
x2
As you read the scroll of teleportation, it crumbles to dust.
You feel strangely unstable. The orc barely misses you.
The orc priest casts a cantrip, but nothing happens.
The orc priest mumbles some strange prayers to Beogh against you.
Beogh smites you!
Ouch! That really hurt!
You die...
Xom guffaws!
You are now level 4!
Xom thinks this is hilarious!
You rejoin the land of the living...
Are you sure you want to abandon this character and quit the game? (Confirm with "yes".)

#.# ###.#.#...##....#..## #.#
#.#.#.⌠....≈_.#..# #.#
#.#.#.....≈...#..# #.#
#........≈≈...#.+## #.#
###.#..≈≈≈≈..##...## ##.###
#.#..≈≈≈≈..##÷...## #....##
#.#..≈≈≈≈...#.....#
##....#########.#....≈.[⌠........
................@................
###...#########.#.....##.........
###.##### #.##.######.......#
#.......# #.#### ##.....##
#.#.###.# #.# ##...## #.#.# #.#
#.###### ##'## #.#.# #.# #......#
#.# #.#.# #.# ######.# ###.#
#.#.###.# #.# #...##


There were no monsters in sight!

Vanquished Creatures
  An orc wizard (D:3)
  Robin (D:2)
  3 adders
  A worm (D:2)
  3 dart slugs
  3 leopard geckos (D:3)
  5 orcs
  10 bats
  5 giant cockroaches
  11 hobgoblins
  3 jackals (D:1)
  6 kobolds
  A quokka (D:3)
  A ball python (D:3)
  2 frilled lizards (D:3)
  8 goblins
  A leopard gecko zombie (D:3)
  5 rats
70 creatures vanquished.

Notes
Turn   | Place    | Note
-------+----------+-------------------------------------------
     0 | D:1      | Iskender the Felid Chaos Knight began the quest for the
                  | Orb.
     0 | D:1      | Reached XP level 1. HP: 10/10 MP: 2/2
    30 | D:1      | Reached skill level 1 in Stealth
   103 | D:1      | XOM: harmless Tmut miscast
   105 | D:1      | Reached XP level 2. HP: 10/14 MP: 3/3
   535 | D:1      | XOM: 6-stop teleportation journey
  1128 | D:1      | XOM is BORED!
  1128 | D:1      | XOM: mild Erth miscast
  1137 | D:2      | Reached XP level 3. HP: 17/17 MP: 4/4
  1424 | D:2      | XOM: give mutations
  1424 | D:2      | Gained mutation: You are weak. (Str -2) [Xom's mischief]
  1424 | D:2      | Gained mutation: You expend magic power (3 MP) to
                  | strengthen your wands. [Xom's mischief]
  1484 | D:2      | Reached skill level 4 in Unarmed Combat
  1588 | D:2      | Found an opulent altar of Gozag.
  1856 | D:2      | Found a blossoming altar of Fedhas.
  2083 | D:2      | XOM: give mutations
  2083 | D:2      | Gained mutation: Potions are less effective at restoring
                  | your health. [Xom's mischief]
  2083 | D:2      | Gained mutation: You are dopey. (Int -2) [Xom's mischief]
  2083 | D:2      | Lost mutation: You are weak. (Str -2) [Xom's mischief]
  2091 | D:3      | Noticed Robin
  2095 | D:3      | XOM: confusion
  2096 | D:3      | XOM: chaos upgrade
  2109 | D:2      | Reached XP level 4. HP: 17/21 MP: 5/5
  2447 | D:3      | XOM: enchant monster (bad)
  2693 | D:2      | Killed Robin
  3015 | D:3      | XOM: 4-stop teleportation journey
  3069 | D:3      | Reached skill level 5 in Unarmed Combat
  3069 | D:3      | Reached XP level 5. HP: 22/24 MP: 6/6
  3114 | D:3      | XOM is BORED!
  3296 | D:3      | Found an ancient bone altar of Kikubaaqudgha.
  3397 | D:3      | Found a radiant altar of Vehumet.
  3479 | D:3      | Killed from afar by an orc priest
  3480 | D:3      | Reached XP level 4. HP: -10/21 MP: 14/14
  3480 | D:3      | Quit the game

Skill      XL: |  1  2  3  4 |
---------------+-------------+-----
Stealth        | 2 3 |  3.0
Unarmed Combat | 4 5 |  5.2
Fighting       | |  3.0
Dodging        | |  3.5

Action                   |  1- 3 |  4- 6 || total
-------------------------+-------+-------++-------
Melee: Unarmed           |   119 |    91 ||   210
       Bite              |     8 |    10 ||    18
       Punch             |     2 |       ||     2
  Use: Scroll            |     4 |     2 ||     6
       Potion            |     1 |       ||     1
 Stab: Sleeping          |    17 |     3 ||    20
  Eat: Chunk             |     9 |     3 ||    12
Armor: Skin              |     6 |       ||     6
Dodge: Dodged            |    91 |    54 ||   145
